AA
WASHINGTON OAKS @ EUREKA SPRINGS ENERGY
08/17/2059
 
TOP OF THE 1ST
Washington Oaks batting - Pitching for Eureka Springs Energy : LHP Trevor Huffman
Pitching: LHP Trevor Huffman
Batting: SHB Frank Kimery 0-0: Swinging Strike
0-1: Foul Ball, location: 2F
0-2: Strikes out looking
Batting: SHB Benny Adcox 0-0: Fly out, F4 (Popup, 13, EV 82.5 MPH)
Batting: RHB Allen Zuber 0-0: Foul Ball, location: 2F
0-1: Ball
1-1: Ball
2-1: Swinging Strike
2-2: Hit by Pitch
Batting: RHB Johnathan Gray 0-0: Ball
1-0: Fly out, F8 (Flyball, 8RM, EV 87.5 MPH)
Top of the 1st over - 0 runs, 0 hits, 0 errors, 1 left on base; Washington 0 - Eureka Springs 0
BOTTOM OF THE 1ST
Eureka Springs Energy batting - Pitching for Washington Oaks : RHP Arlon Chabwera
Pitching: RHP Arlon Chabwera
Batting: RHB Billy Thweatt 0-0: Called Strike
0-1: Ball
1-1: Called Strike
1-2: Foul Ball, location: 2F
1-2: Ball
2-2: Foul Ball, location: 2F
2-2: Foul Ball, location: 2F
2-2: Strikes out swinging
Batting: LHB Jalen Gattuso 0-0: Ball
1-0: Ball
2-0: Ball
3-0: Called Strike
3-1: Base on Balls
Batting: LHB Terrance Owens 0-0: Ball
1-0: Called Strike
Jalen Gattuso steals 2nd base
1-1: Ball
2-1: Foul Ball, location: 2F
2-2: Ball
3-2: Foul Ball, location: 2F
3-2: Strikes out swinging
Batting: SHB Maliik Pettiford 0-0: Ball
1-0: Called Strike
1-1: 2-RUN HOME RUN (Flyball, 9D, EV 96.2 MPH), Distance : 359 ft
Batting: SHB Joel Elvidge 0-0: Foul Ball, location: 2F
0-1: SINGLE (Line Drive, 7S, EV 110.6 MPH)
Batting: LHB Damien Keel 0-0: Called Strike
0-1: Swinging Strike
0-2: SINGLE (Line Drive, 56D, EV 97.5 MPH)
Joel Elvidge to second
Batting: RHB Hilton Ricketts 0-0: 3-RUN HOME RUN (Line Drive, 7LD, EV 107.5 MPH), Distance : 380 ft
Batting: LHB Walter Lynch 0-0: Swinging Strike
0-1: Called Strike
0-2: Ball
1-2: Strikes out swinging
Bottom of the 1st over - 5 runs, 4 hits, 0 errors, 0 left on base; Washington 0 - Eureka Springs 5
TOP OF THE 2ND
Washington Oaks batting - Pitching for Eureka Springs Energy : LHP Trevor Huffman
Batting: RHB Macaulay Sotillo 0-0: Ball
1-0: Reached on error, E6 (Groundball, 6, EV 97.5 MPH)
Batting: RHB Wes Chavis 0-0: SINGLE (Flyball, 34D, EV 90.0 MPH)
Macaulay Sotillo to second
Batting: RHB Lindon bin Ma'n 0-0: Ball
1-0: Foul Ball, location: 2F
1-1: Grounds into double play, 5-4-3 (Groundball, 5, EV 89.4 MPH)
Macaulay Sotillo to third
Batting: RHB Jacolby Waleenstedt 0-0: Foul Ball, location: 2F
0-1: Ball
1-1: SINGLE (Groundball, 6M, EV 102.5 MPH) (infield hit)
Macaulay Sotillo scores
Batting: RHB Colton Weirick 0-0: Called Strike
0-1: Ground out 5-3 (Groundball, 5S, EV 69.4 MPH)
Top of the 2nd over - 1 run, 2 hits, 1 error, 1 left on base; Washington 1 - Eureka Springs 5
BOTTOM OF THE 2ND
Eureka Springs Energy batting - Pitching for Washington Oaks : RHP Arlon Chabwera
Batting: RHB Liam Wroten 0-0: Ball
1-0: Ball
2-0: Called Strike
2-1: Foul Ball, location: 2F
2-2: Ball
3-2: Base on Balls
Batting: RHB Billy Thweatt 0-0: Called Strike
0-1: Called Strike
0-2: SINGLE (Groundball, 6MD, EV 106.2 MPH)
Liam Wroten to second
Pitching: RHP Jim Chapa
Batting: LHB Jalen Gattuso 0-0: Called Strike
0-1: Ball
1-1: SINGLE (Groundball, 6D, EV 96.2 MPH)
Liam Wroten to third
Billy Thweatt to second
Batting: LHB Terrance Owens 0-0: Ball
1-0: Foul Ball, location: 2F
1-1: Ball
2-1: SINGLE (Groundball, 4D, EV 101.2 MPH)
Liam Wroten scores
Billy Thweatt to third
Jalen Gattuso to second
Batting: SHB Maliik Pettiford 0-0: Foul Ball, location: 2F
0-1: Ball
1-1: Ball
2-1: Called Strike
2-2: Ball
3-2: Base on Balls
Billy Thweatt scores
Jalen Gattuso to third
Terrance Owens to second
Batting: SHB Joel Elvidge 0-0: Foul Ball, location: 2F
0-1: Ball
1-1: Ball
2-1: Foul Ball, location: 2F
2-2: Ball
3-2: DOUBLE (Line Drive, 7LS, EV 91.2 MPH)
Jalen Gattuso scores
Terrance Owens scores
Maliik Pettiford to third
Batting: LHB Damien Keel 0-0: Ball
1-0: Ball
2-0: Ball
3-0: Called Strike
3-1: Foul Ball, location: 2F
3-2: SINGLE (Line Drive, 8RS, EV 95.0 MPH)
Maliik Pettiford scores
Joel Elvidge to third
Batting: RHB Hilton Ricketts 0-0: Ball
1-0: Fly out, F8 (Flyball, 8LD, EV 102.5 MPH)
Runner from 3rd tags up, SCORES, throw by CF
Pitching: RHP Egon Aranguren
Batting: LHB Walter Lynch 0-0: Ball
1-0: Swinging Strike
1-1: Fly out, F7 (Flyball, 78M, EV 90.6 MPH)
Batting: RHB Liam Wroten 0-0: Swinging Strike
0-1: Ball
1-1: Fly out, F8 (Line Drive, 8RM, EV 102.5 MPH)
Bottom of the 2nd over - 6 runs, 5 hits, 0 errors, 1 left on base; Washington 1 - Eureka Springs 11
TOP OF THE 3RD
Washington Oaks batting - Pitching for Eureka Springs Energy : LHP Trevor Huffman
Batting: SHB Frank Kimery 0-0: Called Strike
0-1: Fly out, F9 (Flyball, 9LSF, EV 75.0 MPH)
Batting: SHB Benny Adcox 0-0: Ball
1-0: Foul Ball, location: 2F
1-1: Ball
2-1: Ball
3-1: Base on Balls
Batting: RHB Allen Zuber 0-0: Ball
Benny Adcox steals 2nd base
1-0: Ball
2-0: Called Strike
2-1: Ball
3-1: Base on Balls
Batting: RHB Johnathan Gray 0-0: Ball
1-0: Foul Ball, location: 2F
1-1: Ball
2-1: Foul Ball, location: 2F
2-2: Strikes out swinging
Batting: RHB Macaulay Sotillo 0-0: Ball
1-0: Ball
2-0: Ball
3-0: Base on Balls
Benny Adcox to third
Allen Zuber to second
Batting: RHB Wes Chavis 0-0: Ball
1-0: Ball
2-0: Fly out, F9 (Flyball, 89D, EV 85.6 MPH)
Top of the 3rd over - 0 runs, 0 hits, 0 errors, 3 left on base; Washington 1 - Eureka Springs 11
BOTTOM OF THE 3RD
Eureka Springs Energy batting - Pitching for Washington Oaks : RHP Egon Aranguren
Batting: RHB Billy Thweatt 0-0: Foul Ball, location: 2F
0-1: Ball
1-1: Called Strike
1-2: SINGLE (Flyball, 56D, EV 83.8 MPH)
Batting: LHB Jalen Gattuso 0-0: Ball
1-0: Ball
2-0: Called Strike
2-1: Ball
3-1: Foul Ball, location: 2F
3-2: Base on Balls
Billy Thweatt to second
Batting: LHB Terrance Owens 0-0: Swinging Strike
0-1: Ball
1-1: Foul Ball, location: 2F
1-2: 3-RUN HOME RUN (Flyball, 9LD, EV 93.8 MPH), Distance : 332 ft
Batting: SHB Maliik Pettiford 0-0: Called Strike
0-1: Ball
1-1: Ball
2-1: Called Strike
2-2: Ball
3-2: Base on Balls
Batting: SHB Joel Elvidge 0-0: Swinging Strike
0-1: Swinging Strike
0-2: Strikes out swinging
Batting: LHB Damien Keel 0-0: Fly out, F4 (Line Drive, 34, EV 70.6 MPH)
Batting: RHB Hilton Ricketts 0-0: Called Strike
0-1: Ball
1-1: DOUBLE (Flyball, 78XD, EV 89.4 MPH)
Maliik Pettiford to third
Batting: LHB Walter Lynch 0-0: Ball
1-0: DOUBLE (Flyball, 78D, EV 104.4 MPH)
Maliik Pettiford scores
Hilton Ricketts scores
Pitching: LHP De'Vegas Guzman
Batting: RHB Liam Wroten 0-0: Foul Ball, location: 2F
0-1: Swinging Strike
0-2: SINGLE (Groundball, 6MD, EV 103.8 MPH)
Walter Lynch to third
Runner from 3rd tries for Home, SAFE, throw by CF to home
Batting: RHB Billy Thweatt 0-0: Ball
1-0: Called Strike
1-1: Ball
2-1: Foul Ball, location: 2F
2-2: Ball
3-2: Base on Balls
Liam Wroten to second
Batting: LHB Jalen Gattuso 0-0: Foul Ball, location: 2F
0-1: Ball
1-1: Swinging Strike
1-2: Ground out 5-3 (Groundball, 56S, EV 86.9 MPH)
Bottom of the 3rd over - 6 runs, 5 hits, 0 errors, 2 left on base; Washington 1 - Eureka Springs 17
TOP OF THE 4TH
Washington Oaks batting - Pitching for Eureka Springs Energy : LHP Trevor Huffman
Batting: RHB Lindon bin Ma'n 0-0: Ball
1-0: Ball
2-0: Foul Ball, location: 2F
2-1: Fly out, F6 (Popup, P, EV 76.9 MPH)
Batting: RHB Jacolby Waleenstedt 0-0: Swinging Strike
0-1: Swinging Strike
0-2: Ball
1-2: Ball
2-2: Ground out 6-3 (Groundball, 6, EV 90.6 MPH)
Batting: RHB Colton Weirick 0-0: Ball
1-0: Ball
2-0: Called Strike
2-1: Called Strike
2-2: Strikes out swinging
Top of the 4th over - 0 runs, 0 hits, 0 errors, 0 left on base; Washington 1 - Eureka Springs 17
BOTTOM OF THE 4TH
Eureka Springs Energy batting - Pitching for Washington Oaks : LHP De'Vegas Guzman
Batting: LHB Terrance Owens 0-0: Called Strike
0-1: Swinging Strike
0-2: Ball
1-2: Ball
2-2: Ground out 4-3 (Groundball, 4, EV 101.2 MPH)
Batting: SHB Maliik Pettiford 0-0: Called Strike
0-1: Ball
1-1: Called Strike
1-2: Strikes out swinging, 2-3 out at first.
Batting: SHB Joel Elvidge 0-0: Ball
1-0: Ball
2-0: Ball
3-0: Base on Balls
Batting: LHB Damien Keel 0-0: Ball
1-0: Called Strike
1-1: Foul Ball, location: 2F
1-2: Strikes out swinging
Bottom of the 4th over - 0 runs, 0 hits, 0 errors, 1 left on base; Washington 1 - Eureka Springs 17
TOP OF THE 5TH
Washington Oaks batting - Pitching for Eureka Springs Energy : LHP Trevor Huffman
Batting: SHB Frank Kimery 0-0: Ball
1-0: Ball
2-0: Swinging Strike
2-1: Ball
3-1: Base on Balls
Batting: SHB Benny Adcox 0-0: Ball
Wild Pitch!
Frank Kimery to second
1-0: Ball
2-0: Ball
3-0: Base on Balls
Batting: RHB Allen Zuber 0-0: Ball
1-0: Ball
2-0: Ball
3-0: Base on Balls
Frank Kimery to third
Benny Adcox to second
Batting: RHB Johnathan Gray 0-0: Ball
1-0: Ball
2-0: Swinging Strike
2-1: Swinging Strike
2-2: Ball
3-2: Foul Ball, location: 2F
3-2: Strikes out swinging
Batting: RHB Macaulay Sotillo 0-0: Ball
1-0: Ball
2-0: Called Strike
2-1: Called Strike
2-2: Ball
3-2: Strikes out swinging
Batting: RHB Wes Chavis 0-0: Fly out, F8 (Flyball, 78S, EV 90.0 MPH)
Top of the 5th over - 0 runs, 0 hits, 0 errors, 3 left on base; Washington 1 - Eureka Springs 17
BOTTOM OF THE 5TH
Eureka Springs Energy batting - Pitching for Washington Oaks : LHP De'Vegas Guzman
Batting: RHB Hilton Ricketts 0-0: Called Strike
0-1: Swinging Strike
0-2: Ball
1-2: Foul Ball, location: 2F
1-2: Foul Ball, location: 2F
1-2: Ball
2-2: Strikes out looking
Batting: LHB Walter Lynch 0-0: Ball
1-0: Ball
2-0: SINGLE (Line Drive, 6D, EV 108.1 MPH)
Batting: RHB Liam Wroten 0-0: Ball
1-0: Called Strike
1-1: Ball
2-1: Ball
3-1: Base on Balls
Walter Lynch to second
Pitching: RHP Ervin Aviles
Batting: RHB Billy Thweatt 0-0: Fly out, F8 (Flyball, 78M, EV 85.0 MPH)
Batting: LHB Jalen Gattuso 0-0: Foul Ball, location: 2F
0-1: Ball
1-1: Foul Ball, location: 2F
1-2: Foul Ball, location: 2F
1-2: Ball
2-2: Foul Ball, location: 2F
2-2: Foul Ball, location: 2F
2-2: Foul Ball, location: 2F
2-2: Foul Ball, location: 2F
2-2: Ball
3-2: Foul Ball, location: 2F
3-2: SINGLE (Groundball, 4MD, EV 94.4 MPH)
Walter Lynch to third
Liam Wroten to second
Walter Lynch scores
Liam Wroten to third
Batting: LHB Terrance Owens 0-0: Fly out, F6 (Popup, 6, EV 68.1 MPH)
Bottom of the 5th over - 1 run, 2 hits, 0 errors, 2 left on base; Washington 1 - Eureka Springs 18
TOP OF THE 6TH
Washington Oaks batting - Pitching for Eureka Springs Energy : LHP Trevor Huffman
Batting: RHB Lindon bin Ma'n 0-0: Ball
1-0: Ball
2-0: Ball
3-0: Base on Balls
Batting: RHB Jacolby Waleenstedt 0-0: Ball
1-0: Called Strike
1-1: SINGLE (Groundball, 4D, EV 98.1 MPH)
Lindon bin Ma'n to second
Batting: RHB Colton Weirick 0-0: Ball
1-0: Foul Ball, location: 2F
1-1: Called Strike
1-2: Ball
2-2: Strikes out swinging
Batting: SHB Frank Kimery 0-0: Called Strike
0-1: Ball
1-1: Ground out 5-3 (Groundball, 5L, EV 88.1 MPH)
Lindon bin Ma'n to third
Jacolby Waleenstedt to second
Pitching: RHP Mike Reppert
Batting: SHB Benny Adcox 0-0: Ball
1-0: Called Strike
1-1: SINGLE (Flyball, 8LS, EV 94.4 MPH)
Lindon bin Ma'n scores
Jacolby Waleenstedt to third
Runner from 3rd tries for Home, SAFE, throw by CF to home
Benny Adcox to second
Batting: RHB Allen Zuber 0-0: Ball
1-0: Foul Ball, location: 2F
1-1: Called Strike
1-2: Strikes out swinging
Top of the 6th over - 2 runs, 2 hits, 0 errors, 1 left on base; Washington 3 - Eureka Springs 18
BOTTOM OF THE 6TH
Eureka Springs Energy batting - Pitching for Washington Oaks : RHP Ervin Aviles
Batting: SHB Maliik Pettiford 0-0: Ball
1-0: Foul Ball, location: 2F
1-1: Swinging Strike
1-2: Ball
2-2: Foul Ball, location: 2F
2-2: Foul Ball, location: 2F
2-2: Ball
3-2: Fly out, F8 (Flyball, 8RD, EV 103.8 MPH)
Batting: SHB Joel Elvidge 0-0: Ball
1-0: Foul Ball, location: 2F
1-1: Ball
2-1: Called Strike
2-2: Foul Ball, location: 2F
2-2: SINGLE (Flyball, 4MD, EV 92.5 MPH)
Batting: LHB Damien Keel 0-0: Fly out, F7 (Flyball, 78S, EV 90.0 MPH)
Batting: RHB Hilton Ricketts 0-0: Ball
1-0: Called Strike
1-1: Foul Ball, location: 2F
1-2: SINGLE (Line Drive, 56D, EV 95.0 MPH)
Joel Elvidge to second
Runner from 2nd tries for 3rd, OUT! 7-5
Bottom of the 6th over - 0 runs, 2 hits, 0 errors, 1 left on base; Washington 3 - Eureka Springs 18
TOP OF THE 7TH
Washington Oaks batting - Pitching for Eureka Springs Energy : RHP Mike Reppert
Batting: RHB Johnathan Gray 0-0: Called Strike
0-1: Ball
1-1: Ground out 6-3 (Groundball, 6, EV 109.4 MPH)
Pinch Hitting: RHB Danny Meyer 0-0: Ball
1-0: SINGLE (Groundball, 34, EV 100.0 MPH)
Batting: RHB Wes Chavis 0-0: Called Strike
Danny Meyer steals 2nd base (no throw)
0-1: Ball
1-1: Ground out 4-3 (Groundball, 4, EV 98.8 MPH)
Danny Meyer to third
Batting: RHB Lindon bin Ma'n 0-0: Called Strike
0-1: Ball
1-1: Ball
2-1: SINGLE (Line Drive, 56D, EV 110.0 MPH)
Danny Meyer scores
Pinch Hitting: RHB Kyle Wieczorek 0-0: Ball
1-0: Ground out U3 (Groundball, 3L, EV 109.4 MPH)
Top of the 7th over - 1 run, 2 hits, 0 errors, 1 left on base; Washington 4 - Eureka Springs 18
BOTTOM OF THE 7TH
Eureka Springs Energy batting - Pitching for Washington Oaks : RHP Ervin Aviles
Pitching: RHP Darrick Tlatelpa
Now at 3B: Danny Meyer
Now in RF: Kyle Wieczorek
Batting: LHB Walter Lynch 0-0: Ball
1-0: Ball
2-0: Fly out, F9 (Flyball, 89S, EV 93.8 MPH)
Batting: RHB Liam Wroten 0-0: Called Strike
0-1: Foul Ball, location: 2F
0-2: Strikes out swinging
Batting: RHB Billy Thweatt 0-0: DOUBLE (Flyball, 89XD, EV 101.2 MPH)
Batting: LHB Jalen Gattuso 0-0: Called Strike
0-1: Ball
1-1: Swinging Strike
1-2: Strikes out swinging
Bottom of the 7th over - 0 runs, 1 hit, 0 errors, 1 left on base; Washington 4 - Eureka Springs 18
TOP OF THE 8TH
Washington Oaks batting - Pitching for Eureka Springs Energy : RHP Mike Reppert
Batting: RHB Colton Weirick 0-0: SINGLE (Line Drive, 78M, EV 95.0 MPH)
Batting: SHB Frank Kimery 0-0: Ball
1-0: Ball
2-0: Ball
3-0: Base on Balls
Colton Weirick to second
Batting: SHB Benny Adcox 0-0: Called Strike
0-1: Ball
1-1: Foul Ball, location: 2F
1-2: Grounds into double play, 4-6-3 (Groundball, 34, EV 103.1 MPH)
Colton Weirick to third
Batting: RHB Allen Zuber 0-0: Ball
1-0: Called Strike
1-1: Ball
2-1: Foul Ball, location: 2F
2-2: Foul Ball, location: 2F
2-2: Foul Ball, location: 2F
2-2: Foul Ball, location: 2F
2-2: Ball
3-2: Strikes out swinging
Top of the 8th over - 0 runs, 1 hit, 0 errors, 1 left on base; Washington 4 - Eureka Springs 18
BOTTOM OF THE 8TH
Eureka Springs Energy batting - Pitching for Washington Oaks : RHP Darrick Tlatelpa
Pinch Hitting: LHB R.C. Heydt 0-0: Swinging Strike
0-1: Foul Ball, location: 2F
0-2: Strikes out looking
Batting: SHB Maliik Pettiford 0-0: Ball
1-0: Foul Ball, location: 2F
1-1: Ball
2-1: SINGLE (Groundball, 6D, EV 100.0 MPH)
Batting: SHB Joel Elvidge 0-0: Swinging Strike
0-1: Called Strike
0-2: Ball
1-2: Foul Ball, location: 2F
1-2: Ball
2-2: Strikes out looking
Batting: LHB Damien Keel 0-0: Fly out, F8 (Line Drive, 78M, EV 103.1 MPH)
Bottom of the 8th over - 0 runs, 1 hit, 0 errors, 1 left on base; Washington 4 - Eureka Springs 18
TOP OF THE 9TH
Washington Oaks batting - Pitching for Eureka Springs Energy : RHP Mike Reppert
Pitching: LHP Roberto Burris
Now at 1B: R.C. Heydt
Batting: RHB Johnathan Gray 0-0: Called Strike
0-1: Ball
1-1: Called Strike
1-2: Ball
2-2: Strikes out looking
Batting: RHB Danny Meyer 0-0: Ball
1-0: Ball
2-0: Called Strike
2-1: Swinging Strike
2-2: Foul Ball, location: 2F
2-2: Foul Ball, location: 2F
2-2: Strikes out looking
Batting: RHB Wes Chavis 0-0: Called Strike
0-1: Foul Ball, location: 2F
0-2: Ball
1-2: Strikes out swinging
Top of the 9th over - 0 runs, 0 hits, 0 errors, 0 left on base; Washington 4 - Eureka Springs 18
Saturday, March 23rd , 2024 - OOTP Baseball 23.10 Build 110